Cogmind - Beta 9 @@@ ROGUE MODE // 2019.10.27 @ 16:05:18 Player: Eggking Result: Destroyed by G-47 Trooper with Particle Gun Performance ------------- Evolutions (2) 1000 Regions Visited (3) 600 Robots Destroyed (52) 260 Value Destroyed (1797) 1797 Prototype IDs (2) 40 Alien Tech Used (0) 0 Bonus (171) 171 TOTAL SCORE: 3868 Bonus ------- High Alert Combat Kills 171 Cogmind --------- Core Integrity 0/550 Matter 300/300 Energy 99/100 System Corruption 16% Temperature Cool (9) Location -8/Materials Parts ------- Power (1) Propulsion (3) Utility (4) High-capacity Storage Unit High-capacity Storage Unit Weapon (3) Great Maul Inventory (20) Light Deuterium Engine Light Nuclear Core Light Nuclear Core Light Nuclear Core Compact Wheel Compact Wheel Compact Wheel Advanced Heat Sink High-capacity Storage Unit High-capacity Storage Unit High-capacity Storage Unit Light Armor Plating Medium Armor Plating Hacking Suite Shock Bomb Launcher Peak State ------------ Power Deuterium Engine Propulsion Wheel Compact Wheel Compact Wheel Utility High-capacity Storage Unit High-capacity Storage Unit Visual Processing Unit Improved Targeting Computer Weapon Improved EM Shotgun Improved EM Shotgun Minigun Inventory Light Deuterium Engine Light Nuclear Core Compact Wheel Compact Wheel Compact Wheel Compact Wheel Compact Wheel Armored Wheel Advanced Heat Sink High-capacity Storage Unit High-capacity Storage Unit High-capacity Storage Unit Light Armor Plating Medium Armor Plating Hacking Suite Hacking Suite Heavy Laser Heavy Assault Rifle Shock Bomb Launcher [Rating: 24] Favorites ----------- Power Ion Engine Engine Ion Engine Propulsion Compact Wheel Leg Aluminum Leg Wheel Compact Wheel Utility High-capacity Storage Unit Storage High-capacity Storage Unit Processor Improved Targeting Computer Weapon Improved EM Shotgun Energy Gun Improved EM Shotgun Energy Cannon Advanced Beam Cannon Ballistic Gun Assault Rifle Ballistic Cannon Light Cannon Impact Weapon Great Maul Build | -11 -10 -9 -8 ------- Run | Scr Mat Mat Mat Slots Evolved 4 | . . 2 2 Power . | . . . . Propulsion 1 | . . . 1 Utility 2 | . . 2 . Weapon 1 | . . . 1 Parts Attached 44 | . 4 19 21 Power 3 | . . 2 1 Engine 3 | . . 2 1 Core . | . . . . Reactor . | . . . . Propulsion 15 | . . 8 7 Treads . | . . . . Leg 2 | . . 2 . Wheel 13 | . . 6 7 Hover . | . . . . Flight . | . . . . Utility 9 | . 4 4 1 Device . | . . . . Storage 7 | . 4 2 1 Processor 2 | . . 2 . Hackware . | . . . . Protection . | . . . . Artifact . | . . . . Weapon 17 | . . 5 12 Energy Gun 6 | . . 1 5 Energy Cannon 2 | . . 1 1 Ballistic Gun 7 | . . 2 5 Ballistic Cannon 1 | . . 1 . Launcher . | . . . . Special Weapon . | . . . . Impact Weapon 1 | . . . 1 Slashing Weapon . | . . . . Piercing Weapon . | . . . . Special Melee Weapon . | . . . . Unidentified Prototypes 2 | . . 2 . Parts Lost 31 | . . 5 26 Power 3 | . . 1 2 Propulsion 11 | . . 2 9 Utility 2 | . . . 2 Weapon 15 | . . 2 13 Highest Loss Streak 7 | . . 3 7 Average Slot Usage (%) 95 | . 98 94 94 Engine 10 | . 14 11 7 Leg 8 | . 28 3 . Wheel 16 | . . 17 24 Storage 23 | . 26 28 18 Processor 11 | . . 11 17 Energy Gun 9 | . 14 3 12 Energy Cannon 1 | . . 2 2 Ballistic Gun 12 | . 14 13 10 Naked Turns . | . . . . Heaviest Build 135 | 11 71 135 83 Greatest Support 48 | 20 20 32 48 Greatest Overweight (x) 8 | . 3 8 6 Average Overweight (x) 1 | . 1 2 1 Largest Inventory Capacity 36 | 6 20 36 20 Average Capacity 20 | 6 17 24 20 Most Carried 20 | 6 11 20 20 Average Carried 15 | 6 9 15 18 Final Capacity 20 | . . . 20 Final Carried 15 | . . . 15 Class Distribution -------------------- 53% | Hauler-Mutant 36% | Hauler-Gunner 10% | Mutant Dominant Class ---------------- Hauler-Mutant | -10/Materials Hauler-Mutant | -9/Materials Hauler-Gunner | -8/Materials Resources | -11 -10 -9 -8 ----------- Run | Scr Mat Mat Mat Matter Collected 1027 | 200 65 352 410 Remotely . | . . . . Salvage Created 2202 | . 69 658 1475 Parts 117 | . 6 44 67 Haulers Intercepted . | . . . . Recyclers Shooed . | . . . . Parts Field Recycled . | . . . . Retrieved Matter . | . . . . Parts Self-Destructed . | . . . . Prevented . | . . . . Kills | -11 -10 -9 -8 ------- Run | Scr Mat Mat Mat Combat Hostiles Destroyed 49 | . 3 19 27 Melee 2 | . . . 2 Guns 39 | . 3 17 19 Cannons 6 | . . 2 4 AOE 1 | . . . 1 Classes Destroyed 6 | . 2 2 2 Recycler 1 | . . . 1 Watcher 2 | . 1 1 . Swarmer 12 | . 3 6 3 Grunt 26 | . . 9 17 Sentry 9 | . . 4 5 Hunter 2 | . . . 2 Best Kill Streak 6 | . 2 6 5 Combat Bots Only 6 | . 1 6 5 Max Kills in Single Turn 1 | . 1 1 1 Gunslinging . | . . . . Exploded 1 | . . . 1 Melee 1 | . . . 1 Uniques/NPCs Destroyed . | . . . . Combat | -11 -10 -9 -8 -------- Run | Scr Mat Mat Mat Damage Taken 3401 | . 108 685 2608 Core 746 | . 22 167 557 Absorbed by Shields . | . . . . Core Remaining (%) 83 | 100 91 58 . Volleys Fired 131 | . 9 50 72 Largest 3 | . 2 2 3 Hottest 167 | . 60 113 167 Shots Fired 302 | . 18 94 190 Gun 258 | . 18 78 162 Cannon 44 | . . 16 28 Launcher . | . . . . Special . | . . . . Kinetic 164 | . 9 77 78 Thermal 53 | . . 8 45 Explosive . | . . . . Electromagnetic 85 | . 9 9 67 Robot Hit Streak 35 | . 2 12 35 Robot Miss Streak 5 | . 4 5 5 Penetration Max . | . . . . Secondary Targets 4 | . . 1 3 Max Gunslinging Chain 1 | . . 1 1 Shots Hit Robots 210 | . 7 61 142 Core Hits 107 | . 4 35 68 Critical Hits 5 | . . 1 4 Critical Kills 2 | . . 1 1 Critical Parts Destroyed 3 | . . . 3 Melee Attacks 10 | . . . 10 Impact 10 | . . . 10 Slashing . | . . . . Piercing . | . . . . Sneak Attacks . | . . . . Combat Hostiles . | . . . . Follow-up Attacks . | . . . . Damage Inflicted 3390 | . 86 784 2520 Guns 2486 | . 86 649 1751 Cannons 416 | . . 135 281 Explosions 180 | . . . 180 Melee 235 | . . . 235 Ramming 73 | . . . 73 Kinetic 1316 | . 40 652 624 Thermal 710 | . . 40 670 Explosive . | . . . . Electromagnetic 1056 | . 46 92 918 Impact 235 | . . . 235 Slashing . | . . . . Piercing . | . . . . Highest Corruption 16 | . . . 16 Average Corruption 5 | . . . 5 Corruption Purged . | . . . . Effects 30 | . . . 30 Message Errors 6 | . . . 6 Matter Fused 7 | . . . 7 Energy Discharges 4 | . . . 4 Data Loss (minor) 4 | . . . 4 Data Loss (major) 1 | . . . 1 Misfires 1 | . . . 1 Misdirections 1 | . . . 1 Targeting Errors 5 | . . . 5 Weapon Failures 1 | . . . 1 Overload Shots . | . . . . Overflow Damage 37 | . . . 37 Projectiles 2 | . . . 2 Explosions 7 | . . . 7 Melee 28 | . . . 28 Knockbacks 3 | . . . 3 Impact 3 | . . . 3 Kinetic . | . . . . Secondary . | . . . . Self-Inflicted Damage 125 | . . . 125 Shots 2 | . . . 2 Rammed 4 | . . . 4 Targets Rammed 4 | . . . 4 Kicked . | . . . . Crushed . | . . . . Highest Temperature 421 | . . 135 421 Average Temperature 113 | . . 35 128 Received Heat Transfer 1209 | . 27 273 909 Effects 4 | . . . 4 Shutdowns 1 | . . . 1 Interference 2 | . . . 2 Damage (minor) 1 | . . . 1 Siege Activations . | . . . . Robots Corrupted . | . . . . Combat Hostiles . | . . . . Parts Fried 2 | . . . 2 Impact Corruptions 2 | . . . 2 Robots Melted . | . . . . Combat Hostiles . | . . . . Parts Melted . | . . . . Heat Transferred 1199 | . . 74 1125 Parts Sabotaged . | . . . . Parts Stolen . | . . . . Parts Stripped . | . . . . Power Chain Reactions 3 | . . . 3 Missiles Intercepted . | . . . . Alert | -11 -10 -9 -8 ------- Run | Scr Mat Mat Mat Peak Influence 518 | . 129 377 518 Average Influence 224 | . 22 198 358 Maximum Alert Level 2 | . . 1 2 Low Security (%) 40 | . . . . Level 1 43 | . . . . Level 2 15 | . . . . Level 3 . | . . . . Level 4 . | . . . . Level 5 . | . . . . High Security . | . . . . Max Security . | . . . . Squads Dispatched 7 | . . 4 3 Investigation 1 | . . 1 . Extermination . | . . . . Reinforcement 6 | . . 3 3 Assault . | . . . . Garrison . | . . . . Intercept . | . . . . Construction Impeded . | . . . . Haulers Reinforced . | . . . . Stealth | -11 -10 -9 -8 --------- Run | Scr Mat Mat Mat Distress Signals 7 | . 2 . 5 Communications Jammed . | . . . . Distress Signals . | . . . . Times Spotted 100 | . 9 31 60 Peak Tracking Total 8 | . 3 7 8 Tactical Retreats 8 | . 1 1 6 Traps | -11 -10 -9 -8 ------- Run | Scr Mat Mat Mat Traps Triggered 6 | . . 2 4 Indirectly . | . . . . Trap Hack Attempts . | . . . . Triggered . | . . . . Disarmed . | . . . . Reprogrammed . | . . . . Reused . | . . . . Traps Extracted . | . . . . Installed . | . . . . Triggered . | . . . . Machines | -11 -10 -9 -8 ---------- Run | Scr Mat Mat Mat Machines Disabled 1 | . . . 1 Max in Single Turn 1 | . . . 1 Machines Sabotaged . | . . . . Garrisons Compromised . | . . . . Overloaded Fab Kills . | . . . . Fab Network Shutdowns . | . . . . Hacking | -11 -10 -9 -8 --------- Run | Scr Mat Mat Mat Machines Accessed 8 | . 4 1 3 Terminals 7 | . 3 1 3 Fabricators . | . . . . Repair Stations . | . . . . Recycling Units 1 | . 1 . . Scanalyzers . | . . . . Garrison Access . | . . . . Total Hacks 24 | . 11 2 11 Successful 15 | . 7 1 7 Failed 9 | . 4 1 4 Catastrophic . | . . . . Database Lockouts . | . . . . Manual 22 | . 9 2 11 Terminals 23 | . 10 2 11 Fabricators . | . . . . Repair Stations . | . . . . Recycling Units 1 | . 1 . . Scanalyzers . | . . . . Garrison Access . | . . . . Terminal Hacks 2 | . 2 . . Record 1 | . 1 . . Part Schematic 1 | . 1 . . Fabricator Hacks . | . . . . Repair Station Hacks . | . . . . Recycling Unit Hacks 1 | . 1 . . Report Inventory 1 | . 1 . . Scanalyzer . | . . . . Garrison Access Hacks . | . . . . Unauthorized Hacks 30 | . 11 3 16 Terminals 12 | . 4 1 7 Track 4 | . 1 . 3 Botnet 7 | . 3 1 3 Disrupt 1 | . . . 1 Fabricators . | . . . . Repair Stations . | . . . . Recycling Units . | . . . . Scanalyzers . | . . . . Garrison Access . | . . . . Data Cores Recovered . | . . . . Used . | . . . . Hacking Detections 6 | . 3 1 2 Full Trace Events . | . . . . Feedback Events . | . . . . Feedback Blocked . | . . . . Robot Schematics Acquired . | . . . . Robots Built . | . . . . Matter . | . . . . Time . | . . . . Total Robot Build Rating . | . . . . Part Schematics Acquired 1 | . 1 . . Parts Built . | . . . . Matter . | . . . . Time . | . . . . Total Part Build Rating . | . . . . Parts Repaired . | . . . . Time . | . . . . Parts Recycled . | . . . . Recycled Matter . | . . . . Retrieved Matter . | . . . . Retrieved Components . | . . . . Parts Scanalyzed . | . . . . Part Schematics Acquired . | . . . . Parts Damaged . | . . . . Bothacking | -11 -10 -9 -8 ------------ Run | Scr Mat Mat Mat Used RIF Installer . | . . . . Robots Hacked . | . . . . Non-combat . | . . . . Combat . | . . . . Robot Hacks Applied . | . . . . Relay Couplers Released . | . . . . Robots Rewired . | . . . . Allies Hacked . | . . . . Hacks Repelled . | . . . . Allies | -11 -10 -9 -8 -------- Run | Scr Mat Mat Mat Total Allies . | . . . . Largest Group . | . . . . Highest-Rated Group . | . . . . Highest-Rated Ally . | . . . . Total Orders . | . . . . Ally Attacks . | . . . . Total Damage . | . . . . Kills . | . . . . Allies Corrupted . | . . . . Allies Melted . | . . . . Intel | -11 -10 -9 -8 ------- Run | Scr Mat Mat Mat Robot Analysis Total . | . . . . Derelict Logs Recovered . | . . . . Drone Launches . | . . . . Drone Recoveries . | . . . . Exploration | -11 -10 -9 -8 ------------- Run | Scr Mat Mat Mat Turns Passed 2375 | 5 597 722 1051 Spaces Moved 1180 | 5 301 353 521 Core . | . . . . Treads . | . . . . Legs 354 | 5 301 48 . Wheels 826 | . . 305 521 Hover . | . . . . Flight . | . . . . Fastest Speed 103 | 120 120 115 103 Average Speed 133 | 120 174 135 109 Slowest Speed 210 | 120 210 210 150 Overloaded Moves . | . . . . Propulsion Burnouts . | . . . . Robots Hopped . | . . . . Cave-ins Triggered . | . . . . Exploration Rate (%) 32 | 2 47 30 49 Regions Visited 3 Branch Regions . Pre-discovered Areas . | . . . . Known Exits Taken . | . . . . Unknown Exits Taken 3 | 1 1 1 . Scrap Searched . | . . . . Spaces Dug . | . . . . Terrain Destroyed 17 | . . . 17 Melee . | . . . . Projectile . | . . . . AOE 17 | . . . 17 Actions | -11 -10 -9 -8 --------- Run | Scr Mat Mat Mat Total 1716 | 4 359 513 840 Wait 266 | . 28 50 188 Move 1177 | 4 300 352 521 Hop . | . . . . Pick Up 53 | . 10 26 17 Fast Attach 6 | . 1 2 3 Attach 27 | . . 10 17 Detach 2 | . . 2 . Swap 11 | . 3 7 1 Drop 28 | . 8 14 6 Fire 131 | . 9 50 72 Melee 10 | . . . 10 Ram 4 | . . . 4 Kick . | . . . . Crush . | . . . . Escape Stasis . | . . . . Rewire 1 | . . . 1 Trap . | . . . . Miscellaneous . | . . . . Route ------- -11/Scrapyard -10/Materials -9/Materials -8/Materials (discovered 3 exits: [*Fac x3]) History --------- Turn | Location | Event 1 | -11/Scrapyard | Discovered new exit (range 2) 6 | -11/Scrapyard | Entered Materials 379 | -10/Materials | Discovered new exit (range 13) 558 | -10/Materials | Build established: Hauler-Mutant 603 | -10/Materials | Entered another Materials area 603 | -9/Materials | Evolved 2 slots: Utility x2 849 | -9/Materials | Lost 3 parts (1p2n) 1294 | -9/Materials | Discovered new exit (range 18) 1325 | -9/Materials | Entered another Materials area 1325 | -8/Materials | Evolved 2 slots: Propulsion x1, Weapon x1 1642 | -8/Materials | Lost 4 parts (4w) 1879 | -8/Materials | Build established: Hauler-Gunner 2115 | -8/Materials | Discovered new exit (range 13) 2222 | -8/Materials | Lost 7 parts (4n3w) 2238 | -8/Materials | Discovered new exit (range 12) 2248 | -8/Materials | Core integrity fell below 50% 2274 | -8/Materials | System corruption reached 10% 2304 | -8/Materials | Discovered new exit (range 15) 2314 | -8/Materials | Lost 3 parts (1p1n1w) 2368 | -8/Materials | Core integrity fell below 20% 2376 | -8/Materials | Destroyed by G-47 Trooper with Particle Gun Last Messages --------------- 02359_ Penetrated by Slug. 02360_ Destroyed Imp. Heat Sink. 02360_ G-47 Trooper system corrupted by crushing effect. 02360_ G-47 Trooper knocked back. 02361_ G-47 Trooper system terminally corrupted. 02361_ K-01 Serf collects debris. 02363_ System corrupted: Great Maul targeting data glitched. 02365_ Slug penetrates Wall. 02365_ K-01 Serf collects debris. 02366_ Visual Processing Unit destroyed. 02366_ System corrupted by crushing effect (+2). 02368_ Arm. Wheel destroyed. 02368_ Penetrated by Slug. 02369_ Imp. Targeting Computer destroyed. 02369_ System corrupted by crushing effect (+1). 02369_ K-01 Serf collects debris. 02372_ System corrupted: Great Maul targeting data glitched. 02373_ K-01 Serf collects debris. 02374_ Penetrated by Slug. 02375_ H-55 Commando destroyed. Map ----- +----------------------------------------------------+ | | | ?????????????????????????????????????????????????? | | ?????????????????????????????????????????????????? | | ?????????????????????????????????????????????????? | | ?????????????????????????????????????????????????? | | ?????????????????????????????????????????????????? | | ???????????????????##?????"??????????????????????? | | ???????????????????# ?#?""??????????????????????? | | ???????????????????#